 Dungeon Crawl Stone Soup version 0.32-a0-986-ga09f62fbf4 (webtiles) character file.

Game seed: 8679351484509141796

699 Fodor the Chopper (level 7, -2/61 HPs)
             Began as a Minotaur Fighter on Apr 21, 2024.
             Slain by a gnoll
             ... wielding a +0 spear
             ... led by a gnoll bouda
              (4 damage)
             ... on level 5 of the Dungeon.
             The game lasted 00:09:19 (3161 turns).

Fodor the Chopper (Minotaur Fighter)                Turns: 3161, Time: 00:09:19

Health: -2/61      AC: 17    Str: 21    XL:     7   Next: 38%
Magic:  6/6        EV:  5    Int:  5    God:
Gold:   154        SH:  5    Dex: 11    Spells: 6/6 levels left

rFire   . . .        a - +0 war axe
rCold   . . .        c - +0 buckler
rNeg    . . .        s - +0 plate armour
rPois   .            t - +2 hat
rElec   .            q - +0 cloak
rCorr   .            b - +0 pair of gloves
SInv    .            f - +0 pair of boots
Will    .....        (no amulet) Stlth
                     (no ring)
HPRegen 0.30/turn    (no ring)
MPRegen 0.10/turn

%: no passive effects
@: no status effects
A: horns 2, retaliatory headbutt
a: no special abilities


You were on level 5 of the Dungeon.
You visited 1 branch of the dungeon, and saw 5 of its levels.
You also visited: Sewer.

You collected 154 gold pieces.

Inventory:

Hand Weapons
 a - a +0 war axe (weapon)
Armour
 b - a +0 pair of gloves (worn)
 c - a +0 buckler (worn)
 f - a +0 pair of boots (worn)
 q - a +0 cloak (worn)
 s - a +0 plate armour (worn)
 t - a +2 hat (worn)
Jewellery
 h - a +6 ring of strength
Talismans
 m - a serpent talisman
Wands
 v - a wand of warping (8)
Scrolls
 e - a scroll of poison {unknown}
 i - 2 scrolls of amnesia {unknown}
 l - 2 scrolls of enchant armour {unknown}
 n - 6 scrolls of identify {unknown}
 p - a scroll of fog {unknown}
Potions
 d - 2 potions of might
 g - a potion of curing {unknown}
 j - 4 potions of brilliance {unknown}
 k - a potion of attraction {unknown}
 o - a potion of enlightenment {unknown}
 r - a potion of lignification {unknown}
 u - a potion of heal wounds {unknown}
 w - 2 potions of cancellation {unknown}
 x - a potion of haste {unknown}


   Skills:
 + Level 5.5 Fighting
 + Level 6.9 Axes
 + Level 4.9 Armour
 + Level 0.7 Dodging
 + Level 0.4 Stealth
 + Level 5.7 Shields


You had 6 spell levels left.
You didn't know any spells.
Your spell library contained the following spells:

 Spells                   Type           Power      Damage    Failure   Level
 Apportation              Tloc           0%         N/A       100%        1
 Necrotise                Necr           0%         1d4       100%        1
 Sting                    Conj/Alch      0%         1d3       100%        1
 Summon Small Mammal      Summ           0%         N/A       100%        1
 Frozen Ramparts          Ice            0%         1d1       100%        3
 Ozocubu's Armour         Ice            0%         N/A       100%        3
 Metabolic Englaciation   Hex/Ice        0%         N/A       100%        5


Dungeon Overview and Level Annotations

Branches:
Dungeon (4/15)              Sewer (visited)
 Temple: D:4-7

Altars:
Ashenzari
Cheibriados

Shops:
D:3 (*[[


Innate Abilities, Weirdness & Mutations

You have a pair of horns on your head.
You reflexively headbutt those who attack you in melee.


Message History

You kill the quokka!
The liquid fire burns you!
* * * LOW HITPOINT WARNING * * *
Unknown command.
You are on fire!
Unknown command. 2 gnolls come into view.
Found a stone staircase leading down.
You shake off some of the fire as you move.
The liquid fire burns you!
* * * LOW HITPOINT WARNING * * *
The gnoll shouts!
You hear a shout!
A gnoll comes into view. It is wielding a +0 flail.
You shake off some of the fire as you move.
The liquid fire burns you!
* * * LOW HITPOINT WARNING * * *
The gnoll moves out of view.
You are on fire!
You shake off some of the fire as you move.
The liquid fire burns you!
* * * LOW HITPOINT WARNING * * *
You shake off the liquid fire.
Things that are here:
a +0 giant spiked club; an ogre corpse You see here a scorpion corpse.
You see here a scorpion corpse.
You closely miss the gnoll. You block the gnoll's attack.
The gnoll hits you from afar with a +0 spear.
* * * LOW HITPOINT WARNING * * *
You block the gnoll's attack.
Things that are here:
a +0 giant spiked club; an ogre corpse The gnoll hits you but does no damage.
The gnoll attacks as it pursues you! The gnoll hits you but does no damage.
The gnoll hits you with a +0 spear!
* * * LOW HITPOINT WARNING * * *
You hit the gnoll.
The gnoll is heavily wounded.
You hit the gnoll. You barely miss the gnoll. You block the gnoll's attack.
The gnoll hits you with a +0 spear.
You die...

#.. .. #
#.#####O#
#....O.
#.#.# #...#
#..##
#.†####♣##
#...†g@g.#
##...g#♣..#
###.###...#
#.# ##..♣
#.# .>.#
#.. g.♣#
##. ..# .#
.##


You could see 3 gnolls.

Vanquished Creatures
  Grinder (Sewer)
  An ogre (D:5)
  A kobold brigand (Sewer)
  A scorpion (D:5)
  A bombardier beetle (D:5)
  2 quasits (Sewer)
  A jelly (D:4)
  An orc priest (D:4)
  An adder (D:4)
  2 shadow imps (Sewer)
  2 ufetubi (Sewer)
  A ribbon worm (D:2)
  9 orcs
  5 endoplasms
  6 giant cockroaches
  6 goblins
  3 hobgoblins
  3 quokkas
  8 ball pythons
  9 bats
  2 frilled lizards
  16 kobolds
  A kobold zombie (Sewer)
  8 rats
  A spectral goblin (D:2)
92 creatures vanquished.

Notes
Turn   | Place    | Note
-------+----------+-------------------------------------------
     0 | D:1      | Fodor the Minotaur Fighter began the quest for the Orb.
     0 | D:1      | Reached XP level 1. HP: 19/19 MP: 0/0
   297 | D:1      | Reached XP level 2. HP: 27/27 MP: 1/1
  1000 | D:2      | Reached XP level 3. HP: 31/33 MP: 2/2
  1063 | D:2      | Found a faded altar of an unknown god.
  1480 | D:3      | Found Etouvibajo's Weapon Shoppe.
  1524 | D:3      | Reached skill level 3 in Axes
  1606 | D:3      | Found Getwiur's Assorted Antiques.
  1607 | D:3      | Found Ungiphar's Antique Armour Shop.
  1929 | D:3      | Found Qiemuc's Antique Armour Shoppe.
  1943 | D:3      | Found a snail-covered altar of Cheibriados.
  2381 | D:4      | Reached XP level 4. HP: 39/40 MP: 3/3
  2393 | D:4      | Reached skill level 4 in Axes
  2417 | D:4      | Found a glowing drain.
  2459 | Sewer    | Entered a sewer
  2485 | Sewer    | Reached XP level 5. HP: 47/47 MP: 4/4
  2580 | Sewer    | Found a burning altar of Makhleb.
  2637 | Sewer    | Noticed Grinder
  2639 | Sewer    | Paralysed by Grinder for 5 turns
  2658 | Sewer    | Killed Grinder
  2659 | Sewer    | Reached skill level 5 in Axes
  2659 | Sewer    | Reached skill level 5 in Shields
  2659 | Sewer    | Reached XP level 6. HP: 35/55 MP: 5/5
  2750 | Sewer    | Reached skill level 6 in Axes
  2831 | Sewer    | Reached skill level 5 in Fighting
  2954 | D:4      | Reached XP level 7. HP: 61/61 MP: 6/6
  3004 | D:4      | Found a broken altar of Ashenzari.
  3129 | D:4      | You fall into a shaft and drop 1 floor!
  3129 | D:5      | Entered Level 5 of the Dungeon
  3160 | D:5      | HP: 2/61 [gnoll/+0 spear[a gnoll bouda] (7)]
  3161 | D:5      | Slain by a gnoll

Illustrated notes

Levels and vault maps discovered:
D:1:      dpeg_arrival_rooms_b, layout_loops_corners, minmay_bisected
D:2:      layout_basic, dreamdust_ecumenical_altar_drowned_temple,
          chequers_serial_rivers_micro_b
D:3:      layout_basic, mainiacjoe_overflow_surrounded_room, serial_shops,
          nicolae_shop_hallway_stairs, shop, shop, shop,
          nicolae_figureground_sparkle
D:4:      layout_basic, amcnicky_altar_gilded, ashenzari_altar_1,
          nemelex_altar_shiori, mainiacjoe_overflow_cross_hatched,
          portal_sewer_entry_a
D:5:      layout_loops_cross, grunt_ministairs_8, kennysheep_another_room,
          nicolae_elemental_shop, uniq_grinder

Skill      XL: |  1  2  3  4  5  6 |
---------------+-------------------+-----
Shields        | 4 5 |  5.7
Fighting       | 4 5 |  5.5
Armour         | 4 |  4.9
Axes           | 3 4 5 6 |  6.9
Dodging        | |  0.7
Stealth        | |  0.4

Action                     |  1- 3 |  4- 6 |  7- 9 || total
---------------------------+-------+-------+-------++-------
  Melee: War axe           |   102 |    76 |    12 ||   190
         Headbutt          |    10 |     7 |     2 ||    19
 Armour: Scale mail        |    87 |       |       ||    87
         Plate armour      |    13 |   139 |    11 ||   163
  Dodge: Dodged            |    58 |    38 |     1 ||    97
  Block: Buckler           |    29 |    37 |     5 ||    71

Table legend: (Time is in decaauts)
 A = Elapsed time spent in this place.
 B = Non-inter-level travel time spent in this place.
 C = Inter-level travel time spent in this place.
 D = Time resting spent in this place.
 E = Time spent auto-exploring this place.
 F = Levels seen in this place.
 G = Mean time per level.
                   A        B        C        D        E       F      G
               +--------+--------+--------+--------+--------+-----+--------+
         Total |   3246 |   3217 |     29 |      0 |   2201 |   6 |  541.0 |
       Dungeon |   2770 |   2741 |     29 |      0 |   1965 |   5 |  554.0 |
         Sewer |    475 |    475 |      0 |      0 |    236 |   1 |  475.0 |
               +--------+--------+--------+--------+--------+-----+--------+

Top non-repeatable levels by time:
     D:1: 928 daAuts
     D:3: 897 daAuts
     D:2: 587 daAuts
   Sewer: 475 daAuts
     D:4: 323 daAuts
     D:5: 33 daAuts
